 Dungeon Crawl Stone Soup version 0.21.1-1-g345015f (webtiles) character file.

298 zishaf the Digger (level 6, -5/32 HPs)
             Began as a Gargoyle Earth Elementalist on May 18, 2018.
             Slain by an orc warrior
             ... wielding a +0 trident
              (14 damage)
             ... on level 4 of the Dungeon.
             The game lasted 00:04:37 (3017 turns).

zishaf the Digger (Gargoyle Earth Elementalist)     Turns: 3017, Time: 00:04:38

Health: -5/32      AC:  6    Str: 12    XL:     6   Next: 35%
Magic:  12/12      EV:  9    Int: 17    God:
Gold:   104        SH:  0    Dex: 10    Spells: 12/13 levels left

rFire    . . .     SeeInvis .   o - +2 whip (pain)
rCold    . . .     Gourm    .   (no shield)
rNeg     + . .     Faith    .   c - +0 robe
rPois    ∞         Spirit   .   (no helmet)
rElec    +         Reflect  .   (no cloak)
rCorr    .         Harm     .   (no gloves)
MR       .....                  (no boots)
Stlth    ++........             n - amulet of magic regeneration
HPRegen  0.10/turn              h - -3 ring of evasion (curse)
MPRegen  0.38/turn              (no ring)

@: no status effects
A: negative energy resistance 1, electricity resistance, unbreathing,
petrification resistance, rot immunity, AC +4
a: no special abilities


You were on level 4 of the Dungeon.
You were not hungry.

You visited 1 branch of the dungeon, and saw 4 of its levels.

You collected 104 gold pieces.

Inventory:

Hand Weapons
 o - a +2 whip of pain (weapon)
Missiles
 b - 157 stones (quivered)
Armour
 c - a +0 robe (worn)
Jewellery
 h - a cursed -3 ring of evasion (left hand)
 n - an amulet of magic regeneration (around neck)
Scrolls
 a - 3 scrolls of remove curse {unknown}
 f - 3 scrolls of identify {unknown}
 i - a scroll of enchant armour {unknown}
 j - 2 scrolls of immolation {unknown}
 m - 2 scrolls of amnesia {unknown}
Potions
 g - a potion of haste {unknown}
 k - a potion of cancellation {unknown}
 q - a potion of heal wounds {unknown}
Books
 e - a book of Geomancy

   Spells                             Type                      Level
   a - Sandblast                      Earth                        1
   b - Passwall                       Transmutation/Earth          2
   c - Stone Arrow                    Conjuration/Earth            3
   d - Petrify                        Transmutation/Earth          4
   e - Lee's Rapid Deconstruction     Earth                        5
 l - a book of Callings

   Spells                             Type                      Level
   a - Summon Small Mammal            Summoning                    1
   b - Call Imp                       Summoning                    2
   c - Call Canine Familiar           Summoning                    3
   d - Summon Guardian Golem          Hexes/Summoning              3
   e - Summon Lightning Spire         Summoning/Air                4
   f - Summon Ice Beast               Ice/Summoning                4
Comestibles
 d - 5 rations
 p - 3 chunks of flesh


   Skills:
 + Level 2.3 Maces & Flails
 - Level 1.5 Dodging
 - Level 2.1 Stealth
 + Level 4.1 Spellcasting
   Level 0.7 Transmutations
 + Level 5.9 Earth Magic


You had 12 spell levels left.
You knew the following spells:

 Your Spells              Type           Power        Failure   Level  Hunger
a - Sandblast             Erth           ###...       1%          1    None


Dungeon Overview and Level Annotations

Branches:
Dungeon (4/15)
 Temple: D:4-7

Altars:
Nemelex Xobeh
Trog
Wu Jian


Innate Abilities, Weirdness & Mutations

You are resistant to torment.
Your stone body is resilient. (AC +4)
You are immune to poison.
You resist negative energy. (rN+)
You are resistant to electric shocks. (rElec)
You can survive without breathing.
You are immune to petrification.
You are immune to rotting.


Message History

The orc wizard shouts!
The orc warrior shouts!
The orc warrior misses you.
Found a scroll labeled PEMURREZIH and 25 arrows.
You barely miss the orc warrior.
The orc wizard shouts!
The orc warrior closely misses you. The orc wizard hits you with a dagger.
You barely miss the orc warrior.
The orc wizard hits you with a dagger of draining.
The orc warrior barely misses you.
The orc wizard points at you and mumbles some strange words.
The puff of flame misses you. The orc wizard barely misses you.
You barely miss the orc warrior.
The orc wizard hits you with a dagger of draining.
The orc warrior hits you with a trident!
The orc wizard casts a spell at you. The puff of flame hits you!
* * * LOW HITPOINT WARNING * * *
The orc wizard hits you but does no damage.
The orc warrior hits you from afar with a trident!
You die...

###### #....# #....#
#....# #..oo#
#..o.########
#...o@......####
#..>.###.......#######
#....# #.###..........
#...?# #.####.######.#
#.(..# #..# #..# ##.#
###.## ##.# ##.####..#
#. #.# #.#....## #.
#.# ##.#.####
##<###....#


You could see an orc warrior and 3 orc wizards.

Vanquished Creatures
  An ogre (D:3)
  A hound (D:2)
  A bullfrog skeleton (D:2)
  A worker ant (D:3)
  A howler monkey skeleton (D:3)
  6 adders
  A worm (D:3)
  2 leopard geckos
  An orc (D:3)
  9 bats
  8 giant cockroaches
  9 goblins
  7 hobgoblins
  2 jackals (D:2)
  3 kobolds
  2 quokkas
  5 frilled lizards
  9 rats
69 creatures vanquished.

Notes
Turn   | Place    | Note
-------+----------+-------------------------------------------
     0 | D:1      | zishaf the Gargoyle Earth Elementalist began the quest for the Orb.
     0 | D:1      | Reached XP level 1. HP: 10/10 MP: 3/3
   215 | D:1      | Reached XP level 2. HP: 15/15 MP: 0/5
   360 | D:1      | Reached skill level 4 in Earth Magic
   978 | D:1      | Reached XP level 3. HP: 13/19 MP: 1/6
  1305 | D:2      | Reached XP level 4. HP: 20/24 MP: 4/8
  1387 | D:2      | Reached skill level 5 in Earth Magic
  1618 | D:2      | Reached XP level 5. HP: 28/28 MP: 4/10
  1968 | D:2      | Noticed a moth of wrath
  1971 | D:2      | Found a bloodstained altar of Trog.
  2059 | D:3      | Reached skill level 1 in Maces & Flails
  2516 | D:3      | Noticed an ogre
  2524 | D:3      | Killed an ogre
  2524 | D:3      | Reached XP level 6. HP: 10/32 MP: 6/12
  2755 | D:3      | Found an ornate altar of the Wu Jian Council.
  2961 | D:3      | Found a sparkling altar of Nemelex Xobeh.
  3011 | D:4      | Noticed an orc warrior
  3017 | D:4      | Slain by an orc warrior

Skill      XL: |  1  2  3  4  5 |
---------------+----------------+-----
Earth Magic    | 4 5 |  5.9
Spellcasting   | 3 4 |  4.1
Maces & Flails | 2 |  2.3
Dodging        | |  1.5
Stealth        | |  2.1
Transmutations | |  0.7

Action                   |  1- 3 |  4- 6 || total
-------------------------+-------+-------++-------
Melee: Unarmed           |    15 |       ||    15
       Whip              |       |    29 ||    29
       Club              |       |    13 ||    13
 Cast: Sandblast         |    32 |    66 ||    98
 Stab: Sleeping          |       |     2 ||     2
  Eat: Chunk             |     1 |     6 ||     7
Armor: Robe              |    16 |    29 ||    45
Dodge: Dodged            |    14 |    37 ||    51
